 Dungeon Crawl Stone Soup version 0.20.0-8-g6b59dc7 (webtiles) character file.

118 inmateoo the Ruffian (level 5, -2/39 HPs)
             Began as a Barachi Hunter on June 2, 2017.
             Was an Initiate of Trog.
             Slain by a gnoll
             ... wielding a +0 halberd
              (6 damage)
             ... on level 4 of the Dungeon.
             The game lasted 00:07:55 (3320 turns).

inmateoo the Ruffian (Barachi Hunter)               Turns: 3320, Time: 00:07:56

Health: -2/39      AC:  5    Str: 14    XL:     5   Next: 2%
Magic:  5/5        EV: 11    Int: 11    God:    Trog [......]
Gold:   58         SH:  0    Dex: 13    Spells: 4/4 levels left

rFire    . . .     SeeInvis .     - Unarmed
rCold    . . .     Gourm    .   (no shield)
rNeg     . . .     Faith    .   j - +0 ring mail
rPois    .         Spirit   .   (no helmet)
rElec    .         Reflect  .   (no cloak)
rCorr    .         Harm     .   (no gloves)
MR       .....                  (no boots)
Stlth    +.........             (no amulet)
Regen    0.2/turn               (no ring)
MPRegen  0.1/turn               (no ring)

@: very slightly contaminated, hasted, very quick
A: +LOS, swims, slowness 1, strong legs 1
a: Hop, Burn Spellbooks, Renounce Religion


You were on level 4 of the Dungeon.
You worshipped Trog.
Trog was noncommittal.
You were hungry.

You visited 2 branches of the dungeon, and saw 6 of its levels.

You collected 163 gold pieces.
You spent 105 gold pieces at shops.

Inventory:

Hand Weapons
 a - a +0 short sword
Missiles
 c - 6 javelins (quivered)
 d - 2 throwing nets
Armour
 h - a +0 buckler
 j - a +0 ring mail (worn)
Scrolls
 g - 2 scrolls of identify
Potions
 b - a potion of mutation
 e - a potion of magic
 l - a potion of curing
 m - 2 potions of brilliance
Comestibles
 f - a bread ration
 n - a meat ration


   Skills:
 - Level 2.4 Fighting
 - Level 4.0 Throwing
 - Level 2.1 Dodging
 - Level 0.8 Stealth
 + Level 4.9 Unarmed Combat


You had 4 spell levels left.
You didn't know any spells.

Dungeon Overview and Level Annotations

Branches:
Dungeon (5/15)             Temple (1/1) D:5

Altars:
Dithmenos
Elyvilon
Fedhas
Gozag
Hepliaklqana
Kikubaaqudgha
Makhleb
Nemelex Xobeh
Okawaru
Sif Muna
Trog
Uskayaw
Vehumet
Yredelemnul
Zin

Shops:
D:4 *

Annotations:
D:3 ThereIsNoGod's ghost, amateur GrFi
D:4 Sigmund


Innate Abilities, Weirdness & Mutations

Shadows flee at your approach. (+LOS)
You can swim through water.
You cover ground slowly.
You can hop short distances.


Message History

As you read the scroll of blinking, it crumbles to dust.
The hound bites the bush.
You climb upwards.
Level annotation: Sigmund You are ready to hop once more.
The gnoll hits you with a spear. The gnoll hits you with a halberd!
The gnoll hits you with a spear. The gnoll hits you.
* * * LOW HITPOINT WARNING * * *
There is a stone staircase leading down, spattered with blood here.
Okay, then.
You feel yourself speed up. The gnoll barely misses you.
The gnoll hits you with a spear!
* * * LOW HITPOINT WARNING * * *
Sigmund gestures wildly while chanting.
Sigmund flickers and vanishes!
Deactivating autopickup; reactivate with Ctrl-A.
The gnoll closely misses you.
Unknown command.
The gnoll hits you from afar with a halberd.
You die...

### #### #### #####.#
.###...####..#####.....##
.......#.................
.....#..<............#..
#..#.............#####
#....@.go........#
##....>g{........#
#...g.o.........#
##...............#
#................#
#................#
#.................#
#.................#
##................##


You could see 3 gnolls and 2 orcs.

Vanquished Creatures
  5 adders
  3 worms (D:2)
  A dart slug (D:1)
  3 leopard geckos
  An orc (D:2)
  4 giant cockroaches (D:1)
  5 goblins
  6 hobgoblins
  3 jackals (D:2)
  5 kobolds
  2 quokkas
  2 ball pythons (D:2)
  8 bats
  4 frilled lizards
  6 rats
58 creatures vanquished.

Notes
Turn   | Place    | Note
-------+----------+-------------------------------------------
     0 | D:1      | inmateoo the Barachi Hunter began the quest for the Orb.
     0 | D:1      | Reached XP level 1. HP: 17/17 MP: 1/1
   111 | D:1      | Reached skill level 1 in Unarmed Combat
   248 | D:1      | Reached XP level 2. HP: 21/23 MP: 2/2
   789 | D:1      | Reached XP level 3. HP: 28/28 MP: 3/3
  1293 | D:2      | Found a sparkling altar of Nemelex Xobeh.
  1704 | D:2      | Reached XP level 4. HP: 25/34 MP: 4/4
  2593 | D:3      | Noticed ThereIsNoGod's ghost (amateur GrFi)
  2946 | D:4      | Noticed Sigmund
  2965 | D:4      | Found Imof's General Store.
  2968 | D:4      | Bought a scroll of blinking for 105 gold pieces
  2997 | D:4      | Reached XP level 5. HP: 39/39 MP: 5/5
  3047 | D:5      | Entered Level 5 of the Dungeon
  3047 | D:5      | Found a staircase to the Ecumenical Temple.
  3047 | D:5      | Noticed a sky beast
  3067 | Temple   | Entered the Ecumenical Temple
  3299 | Temple   | Became a worshipper of Trog the Wrathful
  3320 | D:4      | Slain by a gnoll

Skill      XL: |  1  2  3  4 |
---------------+-------------+-----
Unarmed Combat | 1 2 3 4 |  4.9
Fighting       | |  2.4
Throwing       | |  4.0
Dodging        | |  2.1
Stealth        | |  0.8

Action                   |  1- 3 |  4- 6 || total
-------------------------+-------+-------++-------
Melee: Short sword       |   103 |       ||   103
       Punch             |     4 |     1 ||     5
       Unarmed           |    68 |   109 ||   177
 Abil: Hop               |       |     2 ||     2
  Use: Scroll            |    10 |     1 ||    11
       Potion            |     1 |     4 ||     5
  Eat: Chunk             |     3 |     5 ||     8
Armor: Leather armour    |    10 |       ||    10
       Ring mail         |    55 |    36 ||    91
Dodge: Dodged            |   106 |    96 ||   202
